 Dungeon Crawl Stone Soup version 0.18-a0-1197-g8004e50 (webtiles) character file.

1360 M4edhros the Covert (level 8, -2/48 HPs)
             Began as an Octopode Artificer on Jan 31, 2016.
             Slain by a sky beast (6 damage)
             ... on level 6 of the Dungeon.
             The game lasted 00:08:38 (3554 turns).

M4edhros the Covert (Octopode Artificer)            Turns: 3554, Time: 00:08:39

Health: -2/48      AC:  4    Str: 10    XL:     8   Next: 64%
Magic:  12/12      EV: 15    Int: 17    God:
Gold:   122        SH:  0    Dex: 12    Spells: 0 memorised, 7 levels left

rFire  + . .     SeeInvis .     a - +0 short sword
rCold  x . .     Gourm    .     (no shield)
rNeg   . . .     Faith    .     (helmet restricted)
rPois  .         Spirit   .     (no amulet)
rElec  .         Dismiss  .     s - ring of fire
rCorr  .         Reflect  .     u - +3 ring of protection
SustAt .         Harm     .     (no ring)
MR     .....                    (no ring)
Stlth  ++++++....               (no ring)
                                (no ring)
                                (no ring)
                                (no ring)

@: not resistant to hostile enchantments, very stealthy
A: almost no armour, amphibious, 8 rings, constrict 8, camouflage 1, gelatinous
body 1
a: no special abilities


You were on level 6 of the Dungeon.
You were very hungry.

You visited 1 branch of the dungeon, and saw 6 of its levels.

You collected 122 gold pieces.

Inventory:

Hand Weapons
 a - a +0 short sword (weapon)
Missiles
 h - 63 stones (quivered)
Jewellery
 s - a ring of fire (left tentacle)
 u - a +3 ring of protection (right tentacle)
Wands
 b - a wand of flame (0/48)
 c - a wand of enslavement (2/24)
 d - a wand of random effects (0/48)
 o - a wand of lightning (0/15)
Scrolls
 e - a scroll of identify {unknown}
 j - 2 scrolls of teleportation {unknown}
 k - a scroll of random uselessness {unknown}
 p - 3 scrolls of remove curse {unknown}
 v - a scroll of enchant weapon {unknown}
Potions
 m - a potion of poison
Books
 i - a book of Spatial Translocations

   Spells                             Type                      Level
   a - Apportation                    Translocation                1
   b - Blink                          Translocation                2
   c - Shroud of Golubria             Charms/Translocation         2
   d - Portal Projectile              Translocation                3
   e - Teleport Other                 Translocation                3
   f - Passage of Golubria            Translocation                4
Comestibles
 f - 5 bread rations
 g - 2 fruits
 l - 3 slices of pizza
 r - 2 meat rations


   Skills:
 - Level 1.0 Fighting
 - Level 1.0 Short Blades
 * Level 6.8 Dodging
 * Level 9.5 Stealth
 + Level 5.8 Evocations


You had 7 spell levels left.
You didn't know any spells.

Dungeon Overview and Level Annotations

Branches:
Dungeon (6/15)
 Temple: D:4-7

Altars:
Cheibriados
Kikubaaqudgha

Shops:
D:5 *

Annotations:
D:3 Shaidar413's ghost, amateur HOFi
D:4 Blork the orc; Duvessa


Innate Abilities, Weirdness & Mutations

You cannot wear most types of armour.
You are amphibious.
You can wear up to eight rings at the same time.
You can use your tentacles to constrict eight enemies at once.
Your skin changes colour to match your surroundings (Stealth).
Your rubbery body absorbs attacks (AC +1).


Message History

The sky beast is severely wounded.
The sky beast closely misses you.
You barely miss the sky beast.
The sky beast is severely wounded.
The sky beast hits you. The sky beast shocks you.
* * * LOW HITPOINT WARNING * * *
You barely miss the sky beast.
The sky beast is severely wounded.
The sky beast hits you.
* * * LOW HITPOINT WARNING * * *
The sky beast shocks you.
* * * LOW HITPOINT WARNING * * *
You hit the sky beast. Your squeeze misses the sky beast.
The sky beast is severely wounded.
The sky beast flickers out of sight!
Deactivating autopickup; reactivate with Ctrl-A.
Something hits you.
* * * LOW HITPOINT WARNING * * *
Something shocks you.
You die...

##### .....
##### #
#########.#
#....@{...#
#.#########
#(#
#############
#.#
#(.....>.....
#.#
#.###########
#.# #.# #.#
######.# #)#
#.....<# #.#
#.####.#


There were no monsters in sight!

Vanquished Creatures
  Grinder (D:4)
  Prince Ribbit (D:5)
  An ice beast (D:5)
  A black bear (D:5)
  2 ogres
  3 centaurs
  4 crimson imps
  A hound (D:5)
  A jelly (D:6)
  A giant frog skeleton (D:5)
  A worker ant (D:4)
  3 iguanas
  A hound zombie (D:6)
  3 adders
  5 orcs (D:5)
  4 giant cockroaches
  A goblin (D:2)
  4 hobgoblins
  5 jackals
  A kobold (D:2)
  5 quokkas
  2 bats (D:2)
  A giant gecko skeleton (D:5)
  2 giant newts (D:5)
  A jackal zombie (D:5)
  2 quokka skeletons
  A rat (D:1)
58 creatures vanquished.

Vanquished Creatures (collateral kills)
  A worker ant (D:5)
  3 orcs (D:5)
  A ball python (D:2)
  A goblin (D:1)
6 creatures vanquished.

Vanquished Creatures (others)
  A worker ant (D:5)
  A hobgoblin (D:1)
  A kobold (D:2)
3 creatures vanquished.

Grand Total: 67 creatures vanquished

Notes
Turn   | Place    | Note
--------------------------------------------------------------
     0 | D:1      | M4edhros the Octopode Artificer began the quest for the Orb.
     0 | D:1      | Reached XP level 1. HP: 13/13 MP: 3/3
   244 | D:2      | Reached XP level 2. HP: 1/18 MP: 4/4
   737 | D:3      | Noticed Shaidar413's ghost (amateur HOFi)
   830 | D:4      | Noticed Duvessa
   930 | D:4      | Noticed an ogre
   972 | D:4      | Noticed Grinder
   978 | D:4      | Paralysed by Grinder for 2 turns
   981 | D:4      | Killed Grinder
   981 | D:4      | Reached skill level 4 in Dodging
   981 | D:4      | Reached skill level 5 in Stealth
   981 | D:4      | Reached XP level 3. HP: 17/23 MP: 4/6
   981 | D:4      | Reached XP level 4. HP: 20/28 MP: 4/7
   981 | D:4      | Reached XP level 5. HP: 23/33 MP: 4/8
   985 | D:4      | Killed an ogre
   985 | D:4      | Reached XP level 6. HP: 26/38 MP: 4/9
  1073 | D:4      | Found an ancient bone altar of Kikubaaqudgha.
  1284 | D:4      | Noticed Blork the orc
  1432 | D:5      | Entered Level 5 of the Dungeon
  1446 | D:5      | Reached skill level 6 in Stealth
  1453 | D:5      | Noticed Prince Ribbit
  1571 | D:5      | Reached XP level 7. HP: 29/43 MP: 10/10
  1681 | D:5      | Reached skill level 5 in Dodging
  1681 | D:5      | Reached skill level 7 in Stealth
  1967 | D:5      | Killed Prince Ribbit
  1967 | D:5      | Reached skill level 5 in Evocations
  2124 | D:5      | Reached skill level 8 in Stealth
  2124 | D:5      | Reached XP level 8. HP: 11/48 MP: 10/12
  2319 | D:5      | Found Nung's Elemental Accessories.
  2658 | D:6      | Reached skill level 9 in Stealth
  2676 | D:6      | Found a snail-covered altar of Cheibriados.
  3554 | D:6      | Slain by a sky beast

Vault maps used:
D:1:      saegor_arrival_simple_b
D:2:      serial_curves, eino_curves_04, eino_curves_03, eino_curves_03
D:3:      first_bread, minmay_misc_feat_doors, hangedman_decor_riveting,
          roderic_serpentine_path
D:4:      kiku_gazebo_pond_becter, grunt_decor_cap, hex_medium,
          uniq_blork_the_orc, uniq_duvessa, uniq_grinder
D:5:      nicolae_elemental_shop, uniq_prince_ribbit1
D:6:      marbit_many_paths

Action                   |  1- 3 |  4- 6 |  7- 9 || total
-------------------------+-------+-------+-------++-------
Melee: Short sword       |    18 |    43 |    91 ||   152
Evoke: Wand              |    14 |     3 |    32 ||    49
  Use: Potion            |       |       |     7 ||     7
 Stab: Sleeping          |     1 |     2 |     4 ||     7
  Eat: Chunk             |       |     2 |     5 ||     7
